Blackhawks vs Blues

Created - 13 janvier 2015 at 20:38

Goals
1 2 3 T
Blackhawks 1 1 2 4
Blues 0 0 1 1
Shots
1 2 3 T
Blackhawks 15 6 12 33
Blues 13 9 8 30

1st period

1. Blackhawks , Scott Gomez 17 (Steve McCarthy, Chris Higgins) at 12:17 (PP)

Penalties :
Paul Kariya (STL) for Roughing (Minor) at 11:38, Kris Versteeg (Chi) for Tripping (Minor) at 15:03, Dominic Moore (Chi) for Tripping (Minor) at 18:39

2nd period

2. Blackhawks , Sheldon Keefe 3 (Henrik Zetterberg, Scott Gomez) at 2:39

Penalties :
Jamie Langenbrunner (Chi) for Hooking (Minor) at 3:03, Andrew Cogliano (STL) for Roughing (Minor) at 5:32, Kris Versteeg (Chi) for High sticking (Minor) at 15:58, Dan Boyle (STL) for Interference (Minor) at 19:11

3rd period

3. Blackhawks , Chris Higgins 10 (Scott Gomez) at 0:34 (PP)
4. Blues , Paul Kariya 23 (Taylor Pyatt, Tuukka Rask) at 2:59
5. Blackhawks , Daniel Carcillo 5 (John Zeiler, Steve McCarthy) at 14:17

Penalties :
Paul Kariya (STL) for Hooking (Minor) at 0:49, Sheldon Keefe (Chi) for High sticking (Minor) at 11:35

Goalie Stats

Roberto Luongo (Chi), 29 saves from 30 shots - (0,967), W, 20-15-5, 60:00 minutes
Tuukka Rask (STL), 29 saves from 33 shots - (0,879), L, 20-13-2, 60:00 minutes

Players Stats for Blackhawks

Player Name              G  A  P  +/- PIM S  H  SB GA TA FO     MP     PP MP  PK MP  
------------------------------------------------------------------------------------
Chris Campoli            0  0  0  -1  0   1  2  0  0  0  0/0    20:35   1:41   3:41 
Chris Higgins            1  1  2   0  0   1  2  0  0  0  0/0    13:34   2:45   1:48 
Daniel Carcillo          1  0  1   0  0   1  1  0  1  1  2/3    10:30   0:02   2:53 
Dominic Moore            0  0  0   0  2   1  1  1  0  1  10/14  14:20   0:02   4:33 
George Parros            0  0  0   0  0   1  0  0  0  0  0/0     9:07   0:02   0:00 
Henrik Zetterberg        0  1  1   1  0   4  2  0  1  0  2/2    14:43   3:13   0:00 
Jamie Langenbrunner      0  0  0   0  2   3  3  0  2  1  2/2    23:10   2:45   4:52 
Jeff Schultz             0  0  0  -1  0   2  0  4  0  0  0/0    19:07   0:00   3:41 
John Carlson             0  0  0   1  0   0  1  0  0  0  0/0    13:06   4:19   0:00 
John Zeiler              0  1  1   0  0   0  0  0  0  0  0/0     7:05   0:00   0:00 
Johnny Oduya             0  0  0   1  0   1  1  3  0  2  0/0    23:32   4:19   0:00 
Kris Versteeg            0  0  0   0  4   4  1  0  0  1  2/2    18:44   3:13   0:00 
Oleg Kvasha              0  0  0   0  0   1  1  0  0  0  1/3     7:45   0:00   0:40 
Robert Nilsson           0  0  0   0  0   4  4  0  1  1  12/23  18:28   3:13   0:00 
Scott Gomez              1  2  3   1  0   8  1  1  0  1  6/16   18:06   2:45   2:56 
Sheldon Keefe            1  0  1   1  2   1  1  0  0  1  0/0    14:28   0:00   2:08 
Steve McCarthy           0  2  2   1  0   0  3  1  0  1  0/0    27:29   1:39   6:14 
Wes O'Neill              0  0  0   1  0   0  0  2  1  1  0/0    16:11   0:02   6:14 

Players Stats for Blues

Player Name              G  A  P  +/- PIM S  H  SB GA TA FO     MP     PP MP  PK MP  
------------------------------------------------------------------------------------
Ales Kotalik             0  0  0   0  0   2  0  0  1  0  0/0     8:53   0:00   1:28 
Andrew Cogliano          0  0  0  -2  2   2  1  0  0  0  3/7    13:52   1:02   0:24 
Brent Burns              0  0  0  -2  0   3  2  3  0  1  0/0    22:05   6:13   1:34 
Brian Lee                0  0  0  -1  0   0  2  0  1  0  0/0    17:02   3:42   0:00 
Bryce Lampman            0  0  0   1  0   1  1  0  0  1  0/0    22:50   0:00   4:26 
Dan Boyle                0  0  0  -1  2   1  2  1  4  2  0/0    26:14   6:13   0:00 
David Perron             0  0  0   0  0   1  0  0  1  0  0/0    10:14   2:53   0:00 
Derek Boogaard           0  0  0  -2  0   0  3  0  1  0  0/0    10:35   0:00   0:59 
Drew Fata                0  0  0   1  0   0  2  2  0  0  0/0    15:05   0:00   4:26 
Erik Rasmussen           0  0  0   0  0   1  0  0  0  0  3/5     8:01   0:00   0:16 
Joe Pavelski             0  0  0   0  0   2  2  1  0  0  0/0    15:36   4:08   0:00 
Kevin Shattenkirk        0  0  0   0  0   0  0  2  0  1  0/0    16:43   3:42   1:34 
Marian Hossa             0  0  0   1  0   4  2  0  1  0  1/2    21:01   5:47   0:00 
Nik Antropov             0  0  0   0  0   5  1  0  0  0  9/28   21:29   5:47   3:32 
Paul Kariya              1  0  1   1  4   4  1  0  1  0  3/4    21:06   5:47   0:00 
Sergei Shirokov          0  0  0  -2  0   0  2  0  0  0  0/0    11:40   0:00   1:48 
Taylor Pyatt             0  1  1   0  0   0  2  0  0  0  0/1    12:43   0:13   3:33 
Travis Zajac             0  0  0   1  0   4  1  0  1  1  9/18   18:47   4:08   0:00 

3 Stars

1 - Scott Gomez (Chi)
2 - Roberto Luongo (Chi)
3 - Chris Higgins (Chi)

Power Play

Blackhawks - 2 on 4 Attempt(s) - 50,00%
Blues - 0 on 5 Attempt(s) - 0,00%

Penalty Kill

Blackhawks - 5 on 5 Attempt(s) - 100,00% - Score 0 goal in Penalty Kill
Blues - 2 on 4 Attempt(s) - 50,00% - Score 0 goal in Penalty Kill

Official

Referees : StLaurent Francois and Rooney Chris
Linesman : Brad Lazarowich and Brian Murphy

Game Notes

David Perron is injured at 15:47 of 2nd period (Left Hand)

Finance

Level 1 -- Attendance: 5836 (97,27%) -- Ticket Income 490 224 $
Level 2 -- Attendance: 5000 (100,00%) -- Ticket Income 260 000 $
Level 3 -- Attendance: 1854 (92,70%) -- Ticket Income 55 620 $
Level 4 -- Attendance: 3941 (98,53%) -- Ticket Income 74 879 $
Luxury Box -- Attendance: 1000 (100,00%) -- Ticket Income 169 000 $
Game was played at the Scotttrade center
Total Attendance: 17631 (97,95%)
Total Ticket Income: 1 049 723 $
Other Income: 157 458 $
Total Income: 1 207 181 $

Blackhawks

5 vs 5 Forward 
   Center                   Left Wing                Right Wing               Time % Phy DF OF 
 1 Robert Nilsson           Kris Versteeg            Jamie Langenbrunner      40     1   2  2  
 2 Scott Gomez              Henrik Zetterberg        Sheldon Keefe            30     1   2  2  
 3 Dominic Moore            Chris Higgins            George Parros            20     1   2  2  
 4 Oleg Kvasha              Daniel Carcillo          John Zeiler              10     1   2  2  

5 vs 5 Defense 
   Defense                  Defense                                           Time % Phy DF OF 
 1 Johnny Oduya             Steve McCarthy                                    40     1   2  2  
 2 Jeff Schultz             Chris Campoli                                     30     1   2  2  
 3 Wes O'Neill              John Carlson                                      20     1   2  2  
 4 Johnny Oduya             Steve McCarthy                                    10     1   2  2  

PowerPlay Forward 
   Center                   Left Wing                Right Wing               Time % Phy DF OF 
 1 Robert Nilsson           Henrik Zetterberg        Kris Versteeg            60     1   0  4  
 2 Scott Gomez              Chris Higgins            Jamie Langenbrunner      40     1   0  4  

PowerPlay Defense
   Defense                  Defense                                           Time % Phy DF OF 
 1 Johnny Oduya             John Carlson                                      60     1   1  3  
 2 Steve McCarthy           Chris Campoli                                     40     1   1  3  

Penalty Kill 4 Players Forward 
   Center                   Wing                     Time % Phy DF OF 
 1 Dominic Moore            Jamie Langenbrunner      60     1   3  1  
 2 Scott Gomez              Sheldon Keefe            40     1   3  1  

Penalty Kill 4 Players Defense
   Defense                  Defense                  Time % Phy DF OF 
 1 Wes O'Neill              Steve McCarthy           60     1   3  1  
 2 Jeff Schultz             Chris Campoli            40     1   3  1  

Penalty Kill - 3 Players Forward 
   Forward                                           Time % Phy DF OF 
 1 Henrik Zetterberg                                 60     1   4  0  
 2 Robert Nilsson                                    40     1   4  0  

Penalty Kill - 3 Players Defense
   Defense                  Defense                  Time % Phy DF OF 
 1 Johnny Oduya             Steve McCarthy           60     1   4  0  
 2 Jeff Schultz             Chris Campoli            40     1   4  0  

4 vs 4 Forward 
   Center                   Wing                     Time % Phy DF OF 
 1 Robert Nilsson           Kris Versteeg            60     1   2  2  
 2 Scott Gomez              Henrik Zetterberg        40     1   2  2  

4 vs 4 Defense
   Defense                  Defense                  Time % Phy DF OF 
 1 Jeff Schultz             Steve McCarthy           60     1   2  2  
 2 Wes O'Neill              Chris Campoli            40     1   2  2  

Last Minutes Offensive
   Center                   Left Wing                Right Wing               Defense                  Defense                  
   Robert Nilsson           Henrik Zetterberg        Kris Versteeg            Johnny Oduya             Steve McCarthy           

Last Minutes Defensive
   Center                   Left Wing                Right Wing               Defense                  Defense                  
   Robert Nilsson           Henrik Zetterberg        Jamie Langenbrunner      Johnny Oduya             Steve McCarthy           

Goaltenders
Starting : Roberto Luongo           
Backup : Jocelyn Thibault         

Extra Forwards
Normal : Chris Higgins, Dominic Moore, Daniel Carcillo - PP : Chris Higgins, Henrik Zetterberg - PK : Daniel Carcillo
Extra Defensemen
Normal : Wes O'Neill, John Carlson, Jeff Schultz - PP : Wes O'Neill - PK : John Carlson, Jeff Schultz
Penalty Shots
Henrik Zetterberg, Robert Nilsson, Kris Versteeg, Scott Gomez, Jamie Langenbrunner

Blues

5 vs 5 Forward 
   Center                   Left Wing                Right Wing               Time % Phy DF OF 
 1 Travis Zajac             Paul Kariya              Marian Hossa             40     1   2  2  
 2 Nik Antropov             David Perron             Joe Pavelski             30     1   2  2  
 3 Andrew Cogliano          Derek Boogaard           Sergei Shirokov          20     1   2  2  
 4 Erik Rasmussen           Taylor Pyatt             Ales Kotalik             10     1   2  2  

5 vs 5 Defense 
   Defense                  Defense                                           Time % Phy DF OF 
 1 Dan Boyle                Bryce Lampman                                     40     1   2  2  
 2 Brent Burns              Brian Lee                                         30     1   2  2  
 3 Drew Fata                Kevin Shattenkirk                                 20     1   2  2  
 4 Dan Boyle                Brent Burns                                       10     1   2  2  

PowerPlay Forward 
   Center                   Left Wing                Right Wing               Time % Phy DF OF 
 1 Nik Antropov             Paul Kariya              Marian Hossa             60     1   2  2  
 2 Travis Zajac             David Perron             Joe Pavelski             40     1   2  2  

PowerPlay Defense
   Defense                  Defense                                           Time % Phy DF OF 
 1 Dan Boyle                Brent Burns                                       60     1   2  2  
 2 Brian Lee                Kevin Shattenkirk                                 40     1   2  2  

Penalty Kill 4 Players Forward 
   Center                   Wing                     Time % Phy DF OF 
 1 Nik Antropov             Taylor Pyatt             60     1   2  2  
 2 Ales Kotalik             Sergei Shirokov          40     1   2  2  

Penalty Kill 4 Players Defense
   Defense                  Defense                  Time % Phy DF OF 
 1 Bryce Lampman            Drew Fata                60     1   2  2  
 2 Brent Burns              Kevin Shattenkirk        40     1   2  2  

Penalty Kill - 3 Players Forward 
   Forward                                           Time % Phy DF OF 
 1 Taylor Pyatt                                      60     1   2  2  
 2 Ales Kotalik                                      40     1   2  2  

Penalty Kill - 3 Players Defense
   Defense                  Defense                  Time % Phy DF OF 
 1 Drew Fata                Bryce Lampman            60     1   2  2  
 2 Brian Lee                Dan Boyle                40     1   2  2  

4 vs 4 Forward 
   Center                   Wing                     Time % Phy DF OF 
 1 Travis Zajac             Paul Kariya              60     1   2  2  
 2 Nik Antropov             Marian Hossa             40     1   2  2  

4 vs 4 Defense
   Defense                  Defense                  Time % Phy DF OF 
 1 Dan Boyle                Bryce Lampman            60     1   2  2  
 2 Brent Burns              Brian Lee                40     1   2  2  

Last Minutes Offensive
   Center                   Left Wing                Right Wing               Defense                  Defense                  
   Travis Zajac             Paul Kariya              Marian Hossa             Dan Boyle                Brent Burns              

Last Minutes Defensive
   Center                   Left Wing                Right Wing               Defense                  Defense                  
   Nik Antropov             Taylor Pyatt             Sergei Shirokov          Bryce Lampman            Drew Fata                

Goaltenders
Starting : Tuukka Rask              
Backup : Cory Schneider           

Extra Forwards
Normal : Andrew Cogliano, Taylor Pyatt, Sergei Shirokov - PP : Andrew Cogliano, Taylor Pyatt - PK : Sergei Shirokov
Extra Defensemen
Normal : Brian Lee, Kevin Shattenkirk, Bryce Lampman - PP : Brian Lee - PK : Kevin Shattenkirk, Dan Boyle
Penalty Shots
David Perron, Joe Pavelski, Marian Hossa, Travis Zajac, Nik Antropov

% Time on Ice - Blackhawks

Lines # - Real PCT - Wanted PCT - Time Play
Normal Forward
1 - 36% - 40% - 15:49
2 - 28% - 30% - 12:25
3 - 20% - 20% - 8:46
4 - 16% - 10% - 7:05
Normal Defense
1 - 43% - 40% - 18:55
2 - 35% - 30% - 15:26
3 - 20% - 20% - 8:43
4 - 2% - 10% - 1:01
PP Forward
1 - 54% - 60% - 3:15
2 - 46% - 40% - 2:45
PP Defense
1 - 73% - 60% - 4:21
2 - 28% - 40% - 1:39
PK Forward
1 - 70% - 60% - 6:59
2 - 30% - 40% - 2:56
PK Defense
1 - 63% - 60% - 6:14
2 - 37% - 40% - 3:41
PK3 Forward
1 - 0% - 60%
2 - 0% - 40%
PK3 Defense
1 - 0% - 60%
2 - 0% - 40%
44 Forward
1 - 0% - 60%
2 - 0% - 40%
44 Defense
1 - 0% - 60%
2 - 0% - 40%
Last Minute Offensive  - 0:00
Last Minute Defensive  - 0:00
Total
Forward - 60:00
Defense - 60:00

% Time on Ice - Blues

Lines # - Real PCT - Wanted PCT - Time Play
Normal Forward
1 - 36% - 40% - 15:41
2 - 26% - 30% - 11:28
3 - 22% - 20% - 9:31
4 - 17% - 10% - 7:25
Normal Defense
1 - 42% - 40% - 18:30
2 - 32% - 30% - 13:54
3 - 24% - 20% - 10:28
4 - 3% - 10% - 1:13
PP Forward
1 - 58% - 60% - 5:47
2 - 42% - 40% - 4:08
PP Defense
1 - 63% - 60% - 6:13
2 - 37% - 40% - 3:42
PK Forward
1 - 76% - 60% - 4:32
2 - 24% - 40% - 1:28
PK Defense
1 - 74% - 60% - 4:26
2 - 26% - 40% - 1:34
PK3 Forward
1 - 0% - 60%
2 - 0% - 40%
PK3 Defense
1 - 0% - 60%
2 - 0% - 40%
44 Forward
1 - 0% - 60%
2 - 0% - 40%
44 Defense
1 - 0% - 60%
2 - 0% - 40%
Last Minute Offensive  - 0:00
Last Minute Defensive  - 0:00
Total
Forward - 60:00
Defense - 60:00

Play by Play

1st period


0:01 of 1st period - Robert Nilsson wins face-off versus Travis Zajac in neutral zone.
0:04 of 1st period - Travis Zajac is hit by Steve McCarthy and loses puck.
0:13 of 1st period - Wrist shot by Robert Nilsson.
0:13 of 1st period - Stopped by Tuukka Rask without a rebound.
0:14 of 1st period - Scott Gomez wins face-off versus Nik Antropov in Blues zone.
0:42 of 1st period - Jeff Schultz is hit by Brian Lee and loses puck.
1:49 of 1st period - Slapshot by Dan Boyle.
1:49 of 1st period - Shot Blocked by Johnny Oduya.
1:51 of 1st period - Slapshot by Bryce Lampman.
1:51 of 1st period - Shot Blocked by Johnny Oduya.
1:53 of 1st period - Wrist shot by Nik Antropov.
1:53 of 1st period - Shot Blocked by Johnny Oduya.
2:03 of 1st period - Drew Fata is hit by Steve McCarthy and loses puck.
2:10 of 1st period - Wrist shot by Kevin Shattenkirk.
2:10 of 1st period - Shot Misses the Net.
2:26 of 1st period - Backhand shot by Robert Nilsson.
2:26 of 1st period - Stopped by Tuukka Rask with a rebound.
2:28 of 1st period - Wrist shot by Kris Versteeg.
2:28 of 1st period - Stopped by Tuukka Rask with a rebound.
2:30 of 1st period - Wrist shot by Kris Versteeg.
2:30 of 1st period - Stopped by Tuukka Rask with a rebound.
2:36 of 1st period - Snap shot by Kris Versteeg.
2:36 of 1st period - Stopped by Tuukka Rask without a rebound.
2:37 of 1st period - Henrik Zetterberg wins face-off versus Nik Antropov in Blues zone.
3:11 of 1st period - Slapshot by Robert Nilsson.
3:11 of 1st period - Shot Misses the Net.
3:13 of 1st period - Snap shot by Kris Versteeg.
3:13 of 1st period - Shot Misses the Net.
3:15 of 1st period - Slapshot by Jeff Schultz.
3:15 of 1st period - Deflect By Dan Boyle.
3:15 of 1st period - Stopped by Tuukka Rask without a rebound.
3:16 of 1st period - Dominic Moore wins face-off versus Andrew Cogliano in Blues zone.
3:29 of 1st period - Snap shot by Chris Higgins.
3:29 of 1st period - Shot Blocked by Drew Fata.
4:09 of 1st period - Off-side.
4:10 of 1st period - Nik Antropov wins face-off versus Scott Gomez in neutral zone.
4:16 of 1st period - Off-side.
4:17 of 1st period - Nik Antropov wins face-off versus Robert Nilsson in neutral zone.
4:47 of 1st period - Snap shot by Oleg Kvasha.
4:47 of 1st period - Shot Blocked by Brent Burns.
4:49 of 1st period - Slapshot by Johnny Oduya.
4:49 of 1st period - Shot Blocked by Brent Burns.
4:51 of 1st period - Slapshot by Steve McCarthy.
4:51 of 1st period - Shot Misses the Net.
4:53 of 1st period - Slapshot by Steve McCarthy.
4:53 of 1st period - Shot Misses the Net.
5:09 of 1st period - Wrist shot by Erik Rasmussen.
5:09 of 1st period - Shot Blocked by Jeff Schultz.
5:11 of 1st period - Snap shot by Ales Kotalik.
5:11 of 1st period - Shot Blocked by Jeff Schultz.
5:13 of 1st period - Slapshot by Drew Fata.
5:13 of 1st period - Shot Misses the Net.
5:46 of 1st period - Wrist shot by Scott Gomez.
5:46 of 1st period - Shot Blocked by Joe Pavelski.
5:48 of 1st period - Slapshot by Jeff Schultz.
5:48 of 1st period - Stopped by Tuukka Rask with a rebound.
5:50 of 1st period - Snap shot by Scott Gomez.
5:50 of 1st period - Shot Blocked by Drew Fata.
5:52 of 1st period - Snap shot by Scott Gomez.
5:52 of 1st period - Stopped by Tuukka Rask with a rebound.
5:54 of 1st period - Snap shot by Scott Gomez.
5:54 of 1st period - Shot Blocked by Kevin Shattenkirk.
6:18 of 1st period - Wrist shot by Joe Pavelski.
6:18 of 1st period - Stopped by Roberto Luongo without a rebound.
6:19 of 1st period - Jamie Langenbrunner wins face-off versus Travis Zajac in Blackhawks zone.
6:46 of 1st period - Andrew Cogliano is hit by Dominic Moore and loses puck.
7:13 of 1st period - Wrist shot by Oleg Kvasha.
7:13 of 1st period - Stopped by Tuukka Rask without a rebound.
7:14 of 1st period - Travis Zajac wins face-off versus Oleg Kvasha in Blues zone.
7:30 of 1st period - Slapshot by Marian Hossa.
7:30 of 1st period - Shot Blocked by Wes O'Neill.
8:13 of 1st period - Wrist shot by Nik Antropov.
8:13 of 1st period - Shot Misses the Net.
8:37 of 1st period - John Carlson is hit by Derek Boogaard and loses puck.
9:04 of 1st period - Icing by Bryce Lampman.
9:05 of 1st period - Robert Nilsson wins face-off versus Andrew Cogliano in Blues zone.
10:00 of 1st period - Slapshot by Nik Antropov.
10:00 of 1st period - Stopped by Roberto Luongo without a rebound.
10:01 of 1st period - Erik Rasmussen wins face-off versus Scott Gomez in Blackhawks zone.
10:16 of 1st period - Slapshot by Brian Lee.
10:16 of 1st period - Shot Misses the Net.
10:26 of 1st period - Brent Burns is hit by Johnny Oduya and loses puck.
10:53 of 1st period - Wrist shot by Nik Antropov.
10:53 of 1st period - Shot Misses the Net.
10:55 of 1st period - Slapshot by Nik Antropov.
10:55 of 1st period - Stopped by Roberto Luongo without a rebound.
10:56 of 1st period - Scott Gomez wins face-off versus Nik Antropov in Blackhawks zone.
11:30 of 1st period - Slapshot by Paul Kariya.
11:30 of 1st period - Deflect By Marian Hossa.
11:30 of 1st period - Stopped by Roberto Luongo with a rebound.
11:38 of 1st period - Minor Penalty to Paul Kariya for Roughing.
11:39 of 1st period - Robert Nilsson wins face-off versus Nik Antropov in Blues zone.
12:06 of 1st period - Nik Antropov is hit by Chris Higgins and loses puck.
12:15 of 1st period - Wrist shot by Chris Higgins.
12:15 of 1st period - Shot Misses the Net.
12:17 of 1st period - Snap shot by Steve McCarthy.
12:17 of 1st period - Deflect By Scott Gomez.
12:17 of 1st period - Goal by Scott Gomez - Blackhawks : 1 - Blues : 0.
12:18 of 1st period - Paul Kariya wins face-off versus Robert Nilsson in neutral zone.
12:27 of 1st period - Slapshot by Travis Zajac.
12:27 of 1st period - Stopped by Roberto Luongo without a rebound.
12:28 of 1st period - Robert Nilsson wins face-off versus Travis Zajac in Blackhawks zone.
12:28 of 1st period - Robert Nilsson is hit by Brent Burns.
13:04 of 1st period - Steve McCarthy is hit by Marian Hossa and loses puck.
13:32 of 1st period - Snap shot by Travis Zajac.
13:32 of 1st period - Stopped by Roberto Luongo with a rebound.
13:34 of 1st period - Slapshot by Brent Burns.
13:34 of 1st period - Stopped by Roberto Luongo without a rebound.
13:35 of 1st period - Nik Antropov wins face-off versus Scott Gomez in Blackhawks zone.
13:38 of 1st period - Slapshot by Dan Boyle.
13:38 of 1st period - Shot Blocked by Wes O'Neill.
13:40 of 1st period - Slapshot by Nik Antropov.
13:40 of 1st period - Stopped by Roberto Luongo with a rebound.
13:44 of 1st period - Wrist shot by David Perron.
13:44 of 1st period - Stopped by Roberto Luongo without a rebound.
13:45 of 1st period - Nik Antropov wins face-off versus Scott Gomez in Blackhawks zone.
13:55 of 1st period - Icing by Joe Pavelski.
13:56 of 1st period - Nik Antropov wins face-off versus Dominic Moore in Blues zone.
14:21 of 1st period - Bryce Lampman is hit by Chris Campoli and loses puck.
14:56 of 1st period - Backhand shot by Joe Pavelski.
14:56 of 1st period - Shot Misses the Net.
14:58 of 1st period - Wrist shot by Bryce Lampman.
14:58 of 1st period - Stopped by Roberto Luongo with a rebound.
15:00 of 1st period - Wrist shot by Joe Pavelski.
15:00 of 1st period - Stopped by Roberto Luongo without a rebound.
15:01 of 1st period - Robert Nilsson wins face-off versus Marian Hossa in Blackhawks zone.
15:03 of 1st period - Minor Penalty to Kris Versteeg for Tripping.
15:04 of 1st period - Dominic Moore wins face-off versus Nik Antropov in Blackhawks zone.
15:11 of 1st period - Off-side.
15:12 of 1st period - Nik Antropov wins face-off versus Dominic Moore in neutral zone.
15:15 of 1st period - Snap shot by Marian Hossa.
15:15 of 1st period - Stopped by Roberto Luongo without a rebound.
15:16 of 1st period - Dominic Moore wins face-off versus Nik Antropov in Blackhawks zone.
16:22 of 1st period - Wrist shot by Travis Zajac.
16:22 of 1st period - Stopped by Roberto Luongo without a rebound.
16:23 of 1st period - Travis Zajac wins face-off versus Daniel Carcillo in Blackhawks zone.
16:46 of 1st period - Wrist shot by Chris Higgins.
16:46 of 1st period - Shot Misses the Net.
17:03 of 1st period - Penalty to Kris Versteeg is over, Kris Versteeg is back on ice.
17:16 of 1st period - Snap shot by Henrik Zetterberg.
17:16 of 1st period - Shot Misses the Net.
17:18 of 1st period - Slapshot by Chris Campoli.
17:18 of 1st period - Deflect By Scott Gomez.
17:18 of 1st period - Stopped by Tuukka Rask with a rebound.
17:20 of 1st period - Snap shot by Sheldon Keefe.
17:20 of 1st period - Deflect By Scott Gomez.
17:20 of 1st period - Stopped by Tuukka Rask without a rebound.
17:21 of 1st period - Erik Rasmussen wins face-off versus Scott Gomez in Blues zone.
17:30 of 1st period - Wrist shot by Henrik Zetterberg.
17:30 of 1st period - Stopped by Tuukka Rask without a rebound.
17:31 of 1st period - Scott Gomez wins face-off versus Erik Rasmussen in Blues zone.
17:38 of 1st period - Snap shot by Scott Gomez.
17:38 of 1st period - Stopped by Tuukka Rask without a rebound.
17:39 of 1st period - Travis Zajac wins face-off versus Robert Nilsson in Blues zone.
17:51 of 1st period - Wrist shot by Kris Versteeg.
17:51 of 1st period - Stopped by Tuukka Rask without a rebound.
17:52 of 1st period - Robert Nilsson wins face-off versus Travis Zajac in Blues zone.
17:56 of 1st period - Icing by Marian Hossa.
17:57 of 1st period - Paul Kariya wins face-off versus Robert Nilsson in Blues zone.
18:27 of 1st period - Snap shot by Chris Higgins.
18:27 of 1st period - Shot Misses the Net.
18:39 of 1st period - Minor Penalty to Dominic Moore for Tripping.
18:40 of 1st period - Daniel Carcillo wins face-off versus Nik Antropov in Blackhawks zone.
19:48 of 1st period - Jeff Schultz is hit by Joe Pavelski.
Goals for this period are 1 for Blackhawks vs 0 for Blues.
Shots for this period are 15 for Blackhawks vs 13 for Blues.

2nd period


0:01 of 2nd period - Daniel Carcillo wins face-off versus Nik Antropov in neutral zone.
0:39 of 2nd period - Penalty to Dominic Moore is over, Dominic Moore is back on ice.
0:53 of 2nd period - Slapshot by Kevin Shattenkirk.
0:53 of 2nd period - Shot Misses the Net.
1:13 of 2nd period - Wrist shot by Dominic Moore.
1:13 of 2nd period - Stopped by Tuukka Rask with a rebound.
1:15 of 2nd period - Slapshot by Chris Campoli.
1:15 of 2nd period - Stopped by Tuukka Rask without a rebound.
1:16 of 2nd period - Robert Nilsson wins face-off versus Travis Zajac in Blues zone.
1:31 of 2nd period - Snap shot by Robert Nilsson.
1:31 of 2nd period - Stopped by Tuukka Rask without a rebound.
1:32 of 2nd period - Dominic Moore wins face-off versus Nik Antropov in Blues zone.
1:57 of 2nd period - Dan Boyle is hit by Robert Nilsson and loses puck.
2:25 of 2nd period - Icing by Andrew Cogliano.
2:26 of 2nd period - Andrew Cogliano wins face-off versus Scott Gomez in Blues zone.
2:37 of 2nd period - Snap shot by Henrik Zetterberg.
2:37 of 2nd period - Stopped by Tuukka Rask with a rebound.
2:39 of 2nd period - Wrist shot by Sheldon Keefe.
2:39 of 2nd period - Goal by Sheldon Keefe - Blackhawks : 2 - Blues : 0.
2:40 of 2nd period - Travis Zajac wins face-off versus Robert Nilsson in neutral zone.
3:03 of 2nd period - Minor Penalty to Jamie Langenbrunner for Hooking.
3:04 of 2nd period - Dominic Moore wins face-off versus Nik Antropov in Blackhawks zone.
3:04 of 2nd period - Dominic Moore is hit by Dan Boyle.
3:38 of 2nd period - Slapshot by David Perron.
3:38 of 2nd period - Shot Blocked by Scott Gomez.
3:40 of 2nd period - Slapshot by Brent Burns.
3:40 of 2nd period - Stopped by Roberto Luongo with a rebound.
4:37 of 2nd period - Chris Higgins is hit by Nik Antropov.
4:51 of 2nd period - Sheldon Keefe is hit by Joe Pavelski and loses puck.
5:03 of 2nd period - Penalty to Jamie Langenbrunner is over, Jamie Langenbrunner is back on ice.
5:06 of 2nd period - Kevin Shattenkirk is hit by Jamie Langenbrunner and loses puck.
5:32 of 2nd period - Minor Penalty to Andrew Cogliano for Roughing.
5:33 of 2nd period - Robert Nilsson wins face-off versus Nik Antropov in Blues zone.
6:00 of 2nd period - Taylor Pyatt is hit by Chris Higgins.
6:26 of 2nd period - Derek Boogaard is hit by Steve McCarthy and loses puck.
7:32 of 2nd period - Penalty to Andrew Cogliano is over, Andrew Cogliano is back on ice.
7:40 of 2nd period - Slapshot by Brent Burns.
7:40 of 2nd period - Stopped by Roberto Luongo with a rebound.
7:46 of 2nd period - Erik Rasmussen is hit by Chris Campoli and loses puck.
9:58 of 2nd period - Henrik Zetterberg is hit by Dan Boyle.
10:20 of 2nd period - Drew Fata is hit by Daniel Carcillo and loses puck.
10:31 of 2nd period - Johnny Oduya is hit by Andrew Cogliano and loses puck.
10:57 of 2nd period - Marian Hossa is hit by Robert Nilsson and loses puck.
11:10 of 2nd period - John Carlson is hit by Brent Burns and loses puck.
11:50 of 2nd period - Dan Boyle is hit by Henrik Zetterberg and loses puck.
12:07 of 2nd period - Wrist shot by Andrew Cogliano.
12:07 of 2nd period - Stopped by Roberto Luongo without a rebound.
12:08 of 2nd period - Andrew Cogliano wins face-off versus Dominic Moore in Blackhawks zone.
12:31 of 2nd period - Wes O'Neill is hit by Travis Zajac and loses puck.
12:42 of 2nd period - Paul Kariya is hit by Jamie Langenbrunner and loses puck.
13:15 of 2nd period - Daniel Carcillo is hit by Bryce Lampman and loses puck.
13:27 of 2nd period - Dan Boyle is hit by Oleg Kvasha and loses puck.
13:50 of 2nd period - Steve McCarthy is hit by Derek Boogaard and loses puck.
14:01 of 2nd period - Snap shot by Johnny Oduya.
14:01 of 2nd period - Shot Misses the Net.
15:23 of 2nd period - Chris Higgins is hit by Derek Boogaard and loses puck.
15:46 of 2nd period - David Perron is hit by Henrik Zetterberg and loses puck.
15:47 of 2nd period - David Perron from Blues is injured at 15:47 of 2nd period (Left Hand).
15:48 of 2nd period - Robert Nilsson wins face-off versus Travis Zajac in Blues zone.
15:58 of 2nd period - Minor Penalty to Kris Versteeg for High sticking.
15:59 of 2nd period - Dominic Moore wins face-off versus Nik Antropov in Blackhawks zone.
16:25 of 2nd period - Dan Boyle is hit by Scott Gomez and loses puck.
16:34 of 2nd period - Slapshot by Kevin Shattenkirk.
16:34 of 2nd period - Deflect By Andrew Cogliano.
16:34 of 2nd period - Shot Misses the Net.
16:34 of 2nd period - Puck is out of play.
16:35 of 2nd period - Dominic Moore wins face-off versus Nik Antropov in Blackhawks zone.
16:35 of 2nd period - Dominic Moore is hit by Brian Lee.
16:45 of 2nd period - Snap shot by Jamie Langenbrunner.
16:45 of 2nd period - Stopped by Tuukka Rask without a rebound.
16:46 of 2nd period - Dominic Moore wins face-off versus Nik Antropov in Blues zone.
16:53 of 2nd period - Slapshot by Dan Boyle.
16:53 of 2nd period - Shot Blocked by Dominic Moore.
16:55 of 2nd period - Wrist shot by Nik Antropov.
16:55 of 2nd period - Shot Blocked by Steve McCarthy.
16:57 of 2nd period - Slapshot by Dan Boyle.
16:57 of 2nd period - Shot Misses the Net.
16:59 of 2nd period - Wrist shot by Nik Antropov.
16:59 of 2nd period - Stopped by Roberto Luongo without a rebound.
17:00 of 2nd period - Nik Antropov wins face-off versus Dominic Moore in Blackhawks zone.
17:22 of 2nd period - Icing by Brent Burns.
17:23 of 2nd period - Scott Gomez wins face-off versus Nik Antropov in Blues zone.
17:47 of 2nd period - Snap shot by Marian Hossa.
17:47 of 2nd period - Stopped by Roberto Luongo with a rebound.
17:49 of 2nd period - Slapshot by Dan Boyle.
17:49 of 2nd period - Shot Misses the Net.
17:51 of 2nd period - Wrist shot by Marian Hossa.
17:51 of 2nd period - Shot Misses the Net.
17:58 of 2nd period - Penalty to Kris Versteeg is over, Kris Versteeg is back on ice.
18:03 of 2nd period - Backhand shot by Marian Hossa.
18:03 of 2nd period - Shot Misses the Net.
18:05 of 2nd period - Slapshot by Brent Burns.
18:05 of 2nd period - Shot Blocked by Jeff Schultz.
18:07 of 2nd period - Snap shot by Paul Kariya.
18:07 of 2nd period - Shot Misses the Net.
18:09 of 2nd period - Snap shot by Paul Kariya.
18:09 of 2nd period - Stopped by Roberto Luongo with a rebound.
18:11 of 2nd period - Slapshot by Nik Antropov.
18:11 of 2nd period - Stopped by Roberto Luongo without a rebound.
18:12 of 2nd period - Kris Versteeg wins face-off versus Andrew Cogliano in Blackhawks zone.
18:23 of 2nd period - Johnny Oduya is hit by Drew Fata and loses puck.
18:38 of 2nd period - Steve McCarthy is hit by Taylor Pyatt and loses puck.
18:47 of 2nd period - Slapshot by Ales Kotalik.
18:47 of 2nd period - Stopped by Roberto Luongo without a rebound.
18:48 of 2nd period - Andrew Cogliano wins face-off versus Robert Nilsson in Blackhawks zone.
18:51 of 2nd period - Slapshot by Dan Boyle.
18:51 of 2nd period - Stopped by Roberto Luongo with a rebound.
19:11 of 2nd period - Minor Penalty to Dan Boyle for Interference.
19:12 of 2nd period - Nik Antropov wins face-off versus Robert Nilsson in Blues zone.
19:31 of 2nd period - Nik Antropov is hit by Kris Versteeg and loses puck.
Goals for this period are 1 for Blackhawks vs 0 for Blues.
Shots for this period are 6 for Blackhawks vs 9 for Blues.

3rd period


0:01 of 3rd period - Kris Versteeg wins face-off versus Taylor Pyatt in neutral zone.
0:34 of 3rd period - Snap shot by Chris Higgins.
0:34 of 3rd period - Goal by Chris Higgins - Blackhawks : 3 - Blues : 0.
0:35 of 3rd period - Robert Nilsson wins face-off versus Travis Zajac in neutral zone.
0:35 of 3rd period - Robert Nilsson is hit by Marian Hossa.
0:47 of 3rd period - Wrist shot by Jamie Langenbrunner.
0:47 of 3rd period - Shot Blocked by Dan Boyle.
0:49 of 3rd period - Minor Penalty to Paul Kariya for Hooking.
0:50 of 3rd period - Robert Nilsson wins face-off versus Nik Antropov in Blues zone.
2:49 of 3rd period - Penalty to Paul Kariya is over, Paul Kariya is back on ice.
2:59 of 3rd period - Snap shot by Paul Kariya.
2:59 of 3rd period - Goal by Paul Kariya - Blackhawks : 3 - Blues : 1.
3:00 of 3rd period - Travis Zajac wins face-off versus Oleg Kvasha in neutral zone.
3:09 of 3rd period - Wrist shot by Marian Hossa.
3:09 of 3rd period - Shot Blocked by Jeff Schultz.
3:11 of 3rd period - Wrist shot by Paul Kariya.
3:11 of 3rd period - Stopped by Roberto Luongo without a rebound.
3:12 of 3rd period - Travis Zajac wins face-off versus Robert Nilsson in Blackhawks zone.
4:00 of 3rd period - Snap shot by Ales Kotalik.
4:00 of 3rd period - Deflect By Erik Rasmussen.
4:00 of 3rd period - Shot Misses the Net.
4:00 of 3rd period - Puck is out of play.
4:01 of 3rd period - Dominic Moore wins face-off versus Erik Rasmussen in Blackhawks zone.
4:01 of 3rd period - Dominic Moore is hit by Taylor Pyatt.
4:13 of 3rd period - Slapshot by Erik Rasmussen.
4:13 of 3rd period - Stopped by Roberto Luongo with a rebound.
4:49 of 3rd period - Wrist shot by Kevin Shattenkirk.
4:49 of 3rd period - Shot Misses the Net.
4:57 of 3rd period - Snap shot by Scott Gomez.
4:57 of 3rd period - Shot Misses the Net.
6:31 of 3rd period - Taylor Pyatt is hit by John Carlson and loses puck.
7:45 of 3rd period - Jeff Schultz is hit by Drew Fata and loses puck.
8:34 of 3rd period - George Parros is hit by Sergei Shirokov and loses puck.
9:07 of 3rd period - Kevin Shattenkirk is hit by Sheldon Keefe and loses puck.
9:44 of 3rd period - Slapshot by John Carlson.
9:44 of 3rd period - Shot Misses the Net.
9:58 of 3rd period - Andrew Cogliano is hit by Robert Nilsson and loses puck.
10:05 of 3rd period - Snap shot by Robert Nilsson.
10:05 of 3rd period - Deflect By Jamie Langenbrunner.
10:05 of 3rd period - Shot Blocked by Brent Burns.
10:05 of 3rd period - Puck is out of play.
10:06 of 3rd period - Scott Gomez wins face-off versus Nik Antropov in Blues zone.
10:11 of 3rd period - Slapshot by Scott Gomez.
10:11 of 3rd period - Deflect By Dan Boyle.
10:11 of 3rd period - Stopped by Tuukka Rask with a rebound.
10:41 of 3rd period - Kevin Shattenkirk is hit by Jamie Langenbrunner and loses puck.
10:49 of 3rd period - Icing by Drew Fata.
10:50 of 3rd period - Dominic Moore wins face-off versus Travis Zajac in Blues zone.
10:51 of 3rd period - Wrist shot by Chris Higgins.
10:51 of 3rd period - Shot Misses the Net.
10:53 of 3rd period - Wrist shot by Sheldon Keefe.
10:53 of 3rd period - Deflect By Henrik Zetterberg.
10:53 of 3rd period - Stopped by Tuukka Rask without a rebound.
10:54 of 3rd period - Henrik Zetterberg wins face-off versus Nik Antropov in Blues zone.
10:59 of 3rd period - Wrist shot by Henrik Zetterberg.
10:59 of 3rd period - Stopped by Tuukka Rask without a rebound.
11:00 of 3rd period - Scott Gomez wins face-off versus Nik Antropov in Blues zone.
11:01 of 3rd period - Snap shot by Henrik Zetterberg.
11:01 of 3rd period - Shot Misses the Net.
11:03 of 3rd period - Slapshot by Scott Gomez.
11:03 of 3rd period - Stopped by Tuukka Rask with a rebound.
11:05 of 3rd period - Wrist shot by Johnny Oduya.
11:05 of 3rd period - Stopped by Tuukka Rask without a rebound.
11:06 of 3rd period - Travis Zajac wins face-off versus Robert Nilsson in Blues zone.
11:13 of 3rd period - Snap shot by Marian Hossa.
11:13 of 3rd period - Stopped by Roberto Luongo with a rebound.
11:23 of 3rd period - Wrist shot by Jamie Langenbrunner.
11:23 of 3rd period - Stopped by Tuukka Rask without a rebound.
11:24 of 3rd period - Nik Antropov wins face-off versus Scott Gomez in Blues zone.
11:33 of 3rd period - Wrist shot by Andrew Cogliano.
11:33 of 3rd period - Stopped by Roberto Luongo with a rebound.
11:35 of 3rd period - Minor Penalty to Sheldon Keefe for High sticking.
11:36 of 3rd period - Jamie Langenbrunner wins face-off versus Paul Kariya in Blackhawks zone.
12:25 of 3rd period - Wes O'Neill is hit by Paul Kariya and loses puck.
12:54 of 3rd period - Wrist shot by Scott Gomez.
12:54 of 3rd period - Stopped by Tuukka Rask without a rebound.
12:55 of 3rd period - Paul Kariya wins face-off versus Scott Gomez in Blues zone.
12:58 of 3rd period - Snap shot by Chris Higgins.
12:58 of 3rd period - Shot Misses the Net.
13:35 of 3rd period - Penalty to Sheldon Keefe is over, Sheldon Keefe is back on ice.
14:03 of 3rd period - Icing by Steve McCarthy.
14:04 of 3rd period - Oleg Kvasha wins face-off versus Andrew Cogliano in Blackhawks zone.
14:17 of 3rd period - Wrist shot by Daniel Carcillo.
14:17 of 3rd period - Goal by Daniel Carcillo - Blackhawks : 4 - Blues : 1.
14:18 of 3rd period - Travis Zajac wins face-off versus Robert Nilsson in neutral zone.
14:18 of 3rd period - Dan Boyle is hit by Robert Nilsson and loses puck.
14:31 of 3rd period - Wrist shot by Robert Nilsson.
14:31 of 3rd period - Stopped by Tuukka Rask without a rebound.
14:32 of 3rd period - Marian Hossa wins face-off versus Robert Nilsson in Blues zone.
15:26 of 3rd period - Off-side.
15:27 of 3rd period - Erik Rasmussen wins face-off versus Scott Gomez in neutral zone.
15:40 of 3rd period - Snap shot by Ales Kotalik.
15:40 of 3rd period - Stopped by Roberto Luongo without a rebound.
15:41 of 3rd period - Travis Zajac wins face-off versus Scott Gomez in Blackhawks zone.
17:02 of 3rd period - Wrist shot by Travis Zajac.
17:02 of 3rd period - Stopped by Roberto Luongo with a rebound.
17:40 of 3rd period - Snap shot by George Parros.
17:40 of 3rd period - Deflect By Andrew Cogliano.
17:40 of 3rd period - Stopped by Tuukka Rask without a rebound.
17:41 of 3rd period - Robert Nilsson wins face-off versus Travis Zajac in Blues zone.
17:42 of 3rd period - Wrist shot by Kris Versteeg.
17:42 of 3rd period - Shot Blocked by Kevin Shattenkirk.
17:44 of 3rd period - Wrist shot by Jamie Langenbrunner.
17:44 of 3rd period - Stopped by Tuukka Rask with a rebound.
18:26 of 3rd period - Dominic Moore is hit by Sergei Shirokov and loses puck.
18:33 of 3rd period - Wrist shot by Chris Higgins.
18:33 of 3rd period - Shot Misses the Net.
18:35 of 3rd period - Slapshot by Chris Higgins.
18:35 of 3rd period - Shot Misses the Net.
19:40 of 3rd period - Snap shot by Paul Kariya.
19:40 of 3rd period - Stopped by Roberto Luongo with a rebound.
Goals for this period are 2 for Blackhawks vs 1 for Blues.
Shots for this period are 12 for Blackhawks vs 8 for Blues.


Output by the SimonT Hockey Simulator (STHS) for François Prévost -- Original Page W3C XHTML 1.0 Valid
Hockey Simulator - Hockey Simulation - Hockey Manager